 Dungeon Crawl Stone Soup version 0.23-a0-239-g84a5ed292d (webtiles) character file.

1764 PikkenKukken the Cudgeler (level 9, -3/55 HPs)
             Began as a Gargoyle Fighter on Sept 26, 2018.
             Killed from afar by Dowan (4 damage)
             ... with a shard of ice
             ... on level 6 of the Dungeon.
             The game lasted 00:09:57 (5063 turns).

PikkenKukken the Cudgeler (Gargoyle Fighter)        Turns: 5063, Time: 00:09:57

Health: -3/55      AC: 17    Str: 23 (24) XL:     9   Next: 7%
Magic:  9/9        EV:  7    Int:  6 (8)  God:
Gold:   290        SH: 11    Dex:  7 (9)  Spells: 8/8 levels left

rFire    . . .     SeeInvis .   t - +0 flail (protect)
rCold    . . .     Gourm    .   c - +1 shield
rNeg     + . .     Faith    .   h - +0 chain mail
rPois    ∞         Spirit   .   (no helmet)
rElec    +         Reflect  .   (no cloak)
rCorr    .         Harm     .   x - +0 pair of gloves
MR       .....                  (no boots)
Stlth    ..........             (no amulet)
HPRegen  0.18/turn              (no ring)
MPRegen  0.11/turn              l - ring of stealth

@: no status effects
A: negative energy resistance 1, electricity resistance, unbreathing,
petrification resistance, rot immunity, AC +6
a: no special abilities


You were on level 6 of the Dungeon.
You were hungry.

You visited 1 branch of the dungeon, and saw 6 of its levels.
You also visited: Ossuary.

You collected 290 gold pieces.

Inventory:

Hand Weapons
 a - a +1 flail
 j - a +1 dire flail of crushing
 t - a +0 flail of protection (weapon)
Armour
 b - a +0 scale mail
 c - a +1 shield (worn)
 h - a +0 chain mail (worn)
 x - a +0 pair of gloves (worn)
Jewellery
 k - an uncursed ring of wizardry
 l - a ring of stealth (right hand)
Wands
 d - a wand of flame (20)
 o - a wand of paralysis (20)
 B - a wand of polymorph (10)
 C - a wand of random effects (20)
Scrolls
 g - 9 scrolls of teleportation
 m - 8 scrolls of remove curse
 q - 2 scrolls of enchant weapon
 u - a scroll of enchant armour
 v - a scroll of amnesia
 y - 2 scrolls of identify
Potions
 e - 2 potions of curing
 i - a potion of resistance
 n - 2 potions of invisibility
 p - a potion of cancellation {unknown}
 r - 2 potions of heal wounds {unknown}
 s - a potion of haste {unknown}
 w - 2 potions of ambrosia {unknown}
 z - 2 potions of degeneration
Comestibles
 f - 9 rations
 A - 4 chunks of flesh


   Skills:
 + Level 6.0 Fighting
 * Level 6.9 Maces & Flails
 + Level 6.0 Armour
 + Level 3.5 Dodging
 + Level 6.0 Shields


You had 8 spell levels left.
You didn't know any spells.
Your spell library was empty.

Dungeon Overview and Level Annotations

Branches:
Dungeon (6/15)
 Temple: D:4-7

Altars:
Ru
Trog
Vehumet
Zin
The Shining One

Shops:
D:5 *   D:6 (

Annotations:
D:2 1 runed door
D:6 Dowan


Innate Abilities, Weirdness & Mutations

You are resistant to torment.
Your stone body is resilient. (AC +6)
You are immune to poison.
You resist negative energy. (rN+)
You are resistant to electric shocks. (rElec)
You can survive without breathing.
You are immune to petrification.
You are immune to rotting.


Message History

You are too injured to fight recklessly!
You hit Dowan but do no damage.
Your weapon exudes an aura of protection.
Dowan is severely wounded.
Dowan gestures at you while chanting. The stone arrow hits you!
* * * LOW HITPOINT WARNING * * *
You closely miss Dowan.
Dowan is severely wounded.
Dowan points at you and mumbles some strange words.
You block the shard of ice. Dowan casts a spell at you.
The shard of ice hits you!
* * * LOW HITPOINT WARNING * * *
It was a potion of degeneration.
There was something very wrong with that liquid.
You feel weakened.
You feel dopey.
You feel clumsy.
Dowan points at you and mumbles some strange words.
The shard of ice hits you!
You die...

....###.## #.......##...
....#....#####..>....##...
..........)..'.......'....
...?......####.......##...
#........# #.......#####
..#..$..#######......###
####.......#####......##.
................^<.....'..
#####....@e.#####......###
#..........##......# #
#....#.....##......# #
####.......##......#
###.....##......# #
############## # # # #


You could see Dowan.

Vanquished Creatures
  Grinder (D:4)
  Edmund (D:4)
  Duvessa (D:6)
  2 ice beasts
  An ogre (D:4)
  2 elf zombies (Ossuary)
  2 scorpions (D:4)
  2 crimson imps (D:5)
  A quasit (D:6)
  A centaur zombie (Ossuary)
  A hound (D:5)
  A centaur skeleton (D:6)
  5 human zombies (Ossuary)
  5 orc wizards
  A worker ant (D:4)
  A big kobold zombie (Ossuary)
  A hound zombie (Ossuary)
  3 mummies (Ossuary)
  4 gnolls
  7 adders
  A shadow imp (D:5)
  2 oozes
  5 adder zombies (Ossuary)
  An adder skeleton (D:4)
  2 worms
  2 dart slugs (D:2)
  3 leopard geckos
  12 orcs
  3 giant cockroaches
  A gnoll zombie (Ossuary)
  13 goblins
  5 hobgoblins
  10 jackals
  3 quokkas
  11 bats
  4 frilled lizards
  2 goblin zombies
  4 hobgoblin zombies
  A jackal skeleton (D:4)
  A jackal zombie (Ossuary)
  9 kobolds
  5 kobold zombies (Ossuary)
  2 quokka zombies (Ossuary)
  7 rats
  3 rat zombies (Ossuary)
155 creatures vanquished.

Notes
Turn   | Place    | Note
-------+----------+-------------------------------------------
     0 | D:1      | PikkenKukken the Gargoyle Fighter began the quest for the
                  | Orb.
     0 | D:1      | Reached XP level 1. HP: 14/14 MP: 1/1
   112 | D:1      | Reached XP level 2. HP: 17/19 MP: 2/2
   659 | D:2      | Reached XP level 3. HP: 23/23 MP: 3/3
   981 | D:2      | Found a runed door.
  1036 | D:2      | Reached XP level 4. HP: 26/29 MP: 4/4
  1736 | D:3      | Reached skill level 1 in Dodging
  1780 | D:3      | Reached XP level 5. HP: 33/33 MP: 5/5
  2431 | D:4      | Reached XP level 6. HP: 15/38 MP: 6/6
  2618 | D:4      | Noticed Edmund
  2626 | D:4      | Killed Edmund
  2683 | D:4      | Found a sand-covered staircase.
  2694 | Ossuary  | Entered an ossuary
  2740 | Ossuary  | Reached XP level 7. HP: 44/44 MP: 7/7
  2912 | Ossuary  | Reached skill level 5 in Maces & Flails
  3068 | Ossuary  | Reached skill level 5 in Armour
  3106 | Ossuary  | Reached skill level 5 in Shields
  3196 | Ossuary  | Reached skill level 5 in Fighting
  3261 | D:4      | Found a bloodstained altar of Trog.
  3431 | D:4      | Found a radiant altar of Vehumet.
  3467 | D:4      | Reached XP level 8. HP: 47/49 MP: 8/8
  3732 | D:5      | Entered Level 5 of the Dungeon
  3829 | D:5      | Noticed Grinder
  3851 | D:4      | Paralysed by Grinder for 4 turns
  3856 | D:4      | Killed Grinder
  4380 | D:5      | Found Zin's Purification Station.
  4382 | D:5      | Found a glowing silver altar of Zin.
  4525 | D:6      | Found a sacrificial altar of Ru.
  4751 | D:6      | Found a glowing golden altar of the Shining One.
  4847 | D:6      | Reached XP level 9. HP: 55/55 MP: 9/9
  4951 | D:6      | Found Bymihez's Weapon Shop.
  5025 | D:6      | Noticed Duvessa
  5025 | D:6      | Noticed Dowan
  5041 | D:6      | Killed Duvessa
  5062 | D:6      | HP: 1/55 [Dowan/shard of ice (8)]
  5063 | D:6      | Killed from afar by Dowan

Vault maps used:
D:1:      lemuel_arrival_funnel, minmay_parallelograms
D:2:      first_ration, minmay_misc_feat_chi, supply_closet_lemuel,
          uniq_crazy_yiuf_cottage
D:3:      corexii_hall_statues_deadend
D:4:      kennysheep_mini, lemuel_doored_altar, enter_ossuary_3,
          hangedman_decor_peaks_small, minmay_misc_feat_hallway, uniq_edmund
D:5:      zin_purify, uniq_grinder
D:6:      kennysheep_mini_moat, serial_shops, shop,
          nicolae_ru_great_annihilating_truth, uniq_duvessa
Ossuary:  minmay_ossuary_two_tombs

Skill      XL: |  1  2  3  4  5  6  7  8  9 |
---------------+----------------------------+-----
Maces & Flails | 3 4 5 6 |  6.9
Dodging        | 1 2 3 |  3.5
Armour         | 4 5 6 |  6.0
Fighting       | 4 5 6 |  6.0
Shields        | 4 5 6 |  6.0

Action                   |  1- 3 |  4- 6 |  7- 9 || total
-------------------------+-------+-------+-------++-------
Melee: Flail             |   152 |   247 |   450 ||   849
  Use: Scroll            |     7 |     3 |     4 ||    14
       Potion            |       |     2 |     1 ||     3
 Stab: Paralysed         |       |       |     2 ||     2
  Eat: Chunk             |     1 |     6 |     1 ||     8
       Ration            |       |       |     2 ||     2
Armor: Scale mail        |     4 |       |       ||     4
       Chain mail        |    95 |   160 |   288 ||   543
Dodge: Dodged            |    37 |    62 |   107 ||   206
Block: Shield            |    82 |   143 |   234 ||   459

Table legend:
 A = Non-vault XP
 B = Vault XP
 C = Vault XP percentage of total XP
 D = Non-vault monster count
 E = Vault monster count
 F = Vault count percentage of total count
                 A         B        C        D         E       F
            +---------+---------+-------+---------+---------+-------
      Total |    1286 |    1234 |  49.0 |     112 |      43 |  27.7
            +---------+---------+-------+---------+---------+-------
        D:1 |      47 |       0 |   0.0 |      21 |       0 |   0.0
        D:2 |      64 |       0 |   0.0 |      23 |       0 |   0.0
        D:3 |     121 |       0 |   0.0 |      26 |       0 |   0.0
        D:4 |     367 |     461 |  55.7 |      17 |       4 |  19.0
        D:5 |     431 |       0 |   0.0 |      17 |       0 |   0.0
        D:6 |     256 |     192 |  42.9 |       8 |       5 |  38.5
    Ossuary |       0 |     581 | 100.0 |       0 |      34 | 100.0
            +---------+---------+-------+---------+---------+-------
